 Dungeon Crawl Stone Soup version 0.31-a0-983-g7b6862f502 (webtiles) character file.

Game seed: 15558908870069843133

1834021 Sergey the Slayer (level 25, 208/242 HPs)
             Began as an Armataur Ice Elementalist on Nov 2, 2023.
             Was the Champion of Jiyva.
             Escaped with the Orb
             ... and 3 runes!
             The game lasted 02:04:04 (55956 turns).

Sergey the Slayer (Armataur Ice Elementalist)      Turns: 55956, Time: 02:04:04

Health: 208/242    AC: 33    Str: 12    XL:     25   Next: 57%
Magic:  33/33      EV: 20    Int: 25    God:    Jiyva [******]
Gold:   467        SH:  4    Dex: 29    Spells: 24/30 levels left

rFire   + + .        s - +8 storm bow {elec, penet}
rCold   + + .        (shield currently unavailable)
rNeg    + + .        k - +3 leather armour {Will+}
rPois   +            h - +2 hat of Winter {rElec rN+}
rElec   +            f - +2 cloak {Stlth+}
rCorr   +            t - +1 pair of gloves {Str+3}
SInv    +            H - +4 barding
Will    ++++.        M - amulet of Zuesh {Acrobat rPois rF+ rN+}
Stlth   ++           z - ring of Hinoul {Will+ MP+9 Int+3 Dex+6}
HPRegen 2.20/turn    y - ring "Tehuisec" {rElec rF+ AC+4 SInv}
MPRegen 0.73/turn

%: acrobat, roll
@: studying Fire Magic
A: large, rugged brown scales 3, deformed body, armoured tail, roll, long
tongue, awkward tongue, stinger 3, large bone plates 1, agile 1, clever 1, cold
resistance 2, frail 1, low MP 1, strong-willed 1, weak 1, wild magic 1, eyeballs
2, pseudopods 3, tendrils, jelly sensing items
0: Orb of Zot
}: 3/15 runes: barnacled, slimy, gossamer
a: Renounce Religion, Oozemancy, Slimify


You escaped.
You worshipped Jiyva.
Jiyva was exalted by your worship.
You visited 11 branches of the dungeon, and saw 54 of its levels.
You visited 3 bazaars.
You also visited: Ossuary, Ice Cave and Desolation.

You collected 4208 gold pieces.
You spent 3741 gold pieces at shops.

Inventory:

Hand Weapons
 p - a +1 scimitar of holy wrath
 s - the +8 storm bow (weapon) {elec, penet}
   (You found it on level 5 of the Dungeon)
Missiles
 q - a throwing net
Armour
 f - a +2 cloak of stealth (worn)
 h - the +2 hat of Winter (worn) {rElec rN+}
   (You acquired it on level 3 of the Spider Nest)

   rElec:     It insulates you from electricity.
   rN+:       It protects you from negative energy.
 k - a +3 leather armour of willpower (worn)
 t - a +1 pair of gloves of strength (worn)
 H - a +4 barding (worn)
 N - a +0 buckler of protection
 R - a +2 leather armour of fire resistance
Jewellery
 d - the ring of the Zebra {rElec rPois rN+ AC+4 Str-2}
   (You bought it in a shop on level 6 of the Dungeon)

   [ring of protection]

   AC+4:      It affects your AC (+4).
   Str-2:     It affects your strength (-2).
   rElec:     It insulates you from electricity.
   rPois:     It protects you from poison rN+: It protects you from negative
   energy.
 e - the ring of Heoh {rC+ rN+ Will+ Str+3 Dex+2}
   (You found it on level 3 of the Crypt)

   [ring of positive energy]

   Str+3:     It affects your strength (+3).
   Dex+2:     It affects your dexterity (+2).
   rC+:       It protects you from cold.
   rN+:       It protects you from negative energy.
   Will+:     It increases your willpower.
 y - the ring "Tehuisec" (right hand) {rElec rF+ AC+4 SInv}
   (You took it off an ironbound convoker in the Desolation of Salt)

   [ring of protection]

   AC+4:      It affects your AC (+4).
   rF+:       It protects you from fire.
   rElec:     It insulates you from electricity.
   SInv:      It lets you see invisible.
 z - the ring of Hinoul (left hand) {Will+ MP+9 Int+3 Dex+6}
   (You took it off a deep elf annihilator on level 3 of the Elven Halls)

   [ring of magical power]

   Int+3:     It affects your intelligence (+3).
   Dex+6:     It affects your dexterity (+6).
   Will+:     It increases your willpower.
   MP+9:      It affects your magic capacity (+9).
 A - the ring of Perure {Dex+3 SInv}
   (You found it on level 5 of the Pits of Slime)

   [ring of see invisible]

   Dex+3:     It affects your dexterity (+3).
   SInv:      It lets you see invisible.
 M - the amulet of Zuesh (around neck) {Acrobat rPois rF+ rN+}
   (You found it on level 5 of the Pits of Slime)

   [amulet of the acrobat]

   Acrobat:   It increases your evasion while moving and waiting.
   rF+:       It protects you from fire.
   rPois:     It protects you from poison rN+: It protects you from negative
   energy.
 O - a +5 ring of evasion
 W - the ring "Nikiol" {+Blink rC+++ Will- Dex+6 SInv}
   (You found it on level 5 of the Pits of Slime)

   [ring of dexterity]

   Dex+6:     It affects your dexterity (+6).
   rC+++:     It renders you almost immune to cold.
   Will-:     It decreases your willpower.
   SInv:      It lets you see invisible.
   +Blink:    It lets you blink.
 Y - the ring "Cocsa" {rElec rN+ Will+ MP+9}
   (You found it on level 3 of the Crypt)

   [ring of positive energy]

   rElec:     It insulates you from electricity.
   rN+:       It protects you from negative energy.
   Will+:     It increases your willpower.
   MP+9:      It affects your magic capacity (+9).
Talismans
 I - the talisman of death of the World {rElec rC- Will+ Str+4}
   (You found it on level 5 of the Pits of Slime)

   [talisman of death]

   Str+4:     It affects your strength (+4).
   rC-:       It makes you vulnerable to cold.
   rElec:     It insulates you from electricity.
   Will+:     It increases your willpower.
Wands
 c - a wand of light (15)
 i - a wand of iceblast (19)
 v - a wand of digging (4)
 w - a wand of mindburst (14)
 D - a wand of charming (19)
Scrolls
 a - 2 scrolls of enchant armour
 B - 5 scrolls of blinking {@r4}
 E - 6 scrolls of vulnerability {!r}
 J - 2 scrolls of enchant weapon
 P - 2 scrolls of immolation
 S - 6 scrolls of teleportation {@r3}
 T - a scroll of brand weapon
Potions
 b - a potion of magic
 j - 5 potions of might {@q3}
 l - a potion of cancellation
 m - 4 potions of brilliance
 n - 2 potions of lignification
 o - 2 potions of resistance
 x - a potion of haste {@q5}
 F - 3 potions of ambrosia
 G - 9 potions of curing {@q2}
 Q - 3 potions of mutation
 X - a potion of enlightenment
 Z - 10 potions of heal wounds {@q1}
Miscellaneous
 g - a lightning rod (4/4)
 K - a phial of floods
 V - a condenser vane


   Skills:
 + Level 25.3 Fighting
 - Level 1.0 Short Blades
 - Level 22.0 Ranged Weapons
 + Level 18.0 Armour
 - Level 13.0 Dodging
 - Level 4.0 Stealth
 - Level 3.0 Spellcasting
 - Level 6.0 Ice Magic
 - Level 16.0 Evocations


You had 24 spell levels left.
You knew the following spells:

 Your Spells              Type           Power      Damage    Failure   Level
b - Frozen Ramparts       Ice            86%        1d13      5%          3
c - Ozocubu's Armour      Ice            43%        N/A       5%          3

Your spell library contained the following spells:

 Spells                   Type           Power      Damage    Failure   Level
 Freeze                   Ice            100%       1d10      2%          1
 Ensorcelled Hibernation  Hex/Ice        48%        N/A       8%          2
 Hailstorm                Conj/Ice       24%        3d7       14%         3
 Apportation              Tloc           8%         N/A       17%         1
 Magic Dart               Conj           16%        1d3       17%         1
 Necrotise                Necr           16%        1d4       17%         1
 Shock                    Conj/Air       16%        1d4       17%         1
 Slow                     Hex            16%        N/A       17%         1
 Sting                    Tmut/Pois      16%        1d3       17%         1
 Summon Small Mammal      Summ           16%        N/A       17%         1
 Call Imp                 Summ           8%         N/A       24%         2
 Cigotuvi's Dreadful Rot  Necr/Pois/Air  8%         N/A       24%         2
 Momentum Strike          Conj/Tloc      8%         3d8       24%         2
 Poisonous Vapours        Pois/Air       8%         N/A       24%         2
 Static Discharge         Conj/Air       8%         3-4/arc   24%         2
 Sublimation of Blood     Necr           4%         N/A       24%         2
 Wereblood                Tmut           4%         N/A       24%         2
 Summon Ice Beast         Ice/Summ       24%        N/A       41%         4
 Confusing Touch          Hex            4%         N/A       43%         3
 Dazzling Flash           Conj/Hex       8%         N/A       43%         3
 Inner Flame              Hex/Fire       4%         N/A       43%         3
 Mephitic Cloud           Conj/Pois/Air  4%         N/A       43%         3
 Sigil of Binding         Hex            4%         N/A       43%         3
 Stone Arrow              Conj/Erth      8%         3d7       43%         3
 Summon Guardian Golem    Hex/Summ       4%         N/A       43%         3
 Vampiric Draining        Necr           4%         2d6       43%         3
 Volatile Blastmotes      Fire/Tloc      8%         2d10      43%         3
 Airstrike                Air            2%         2d(1-17)  82%         4
 Anguish                  Hex/Necr       2%         N/A       82%         4
 Animate Armour           Summ/Erth      8%         N/A       82%         4
 Animate Dead             Necr           4%         N/A       82%         4
 Cause Fear               Hex            2%         N/A       82%         4
 Dispel Undead            Necr           4%         3d7       82%         4
 Flame Wave               Conj/Fire      4%         2d5       82%         4
 Fulminant Prism          Conj/Hex       2%         3d5       82%         4
 Iskenderun's Mystic Bla  Conj/Tloc      4%         2d3       82%         4
 Sticky Flame             Conj/Fire      4%         2d3       82%         4
 Vhi's Electric Charge    Tloc/Air       8%         N/A       82%         4
 Agony                    Necr           4%         N/A       98%         5
 Arcjolt                  Conj/Air       2%         1d12      98%         5
 Borgnjor's Vile Clutch   Necr/Erth      2%         N/A       98%         5
 Fireball                 Conj/Fire      2%         3d4       98%         5
 Irradiate                Conj/Tmut      2%         3d12      98%         5
 Silence                  Hex/Air        2%         N/A       98%         5
 Summon Mana Viper        Hex/Summ       4%         N/A       98%         5
 Death Channel            Necr           2%         N/A       100%        6
 Plasma Beam              Fire/Air       2%         2x1d12    100%        6
 Starburst                Conj/Fire      2%         6d3       100%        6
 Enfeeble                 Hex            2%         N/A       100%        7
 Haunt                    Necr/Summ      2%         N/A       100%        7
 Malign Gateway           Summ/Tloc      2%         N/A       100%        7
 Orb of Destruction       Conj           2%         9d5       100%        7
 Ozocubu's Refrigeration  Ice            21%        4d12      100%        7
 Spellforged Servitor     Conj/Summ      2%         N/A       100%        7
 Borgnjor's Revivificati  Necr           2%         N/A       100%        8
 Infestation              Necr           2%         N/A       100%        8
 Lehudib's Crystal Spear  Conj/Erth      2%         10d2      100%        8
 Summon Horrible Things   Summ           2%         N/A       100%        8
 Chain Lightning          Conj/Air       2%         3d2       100%        9
 Death's Door             Necr           2%         N/A       100%        9
 Dragon's Call            Summ           2%         N/A       100%        9
 Fire Storm               Conj/Fire      2%         8d1       100%        9
 Shatter                  Erth           2%         3d6*      100%        9


Dungeon Overview and Level Annotations

Branches:
Dungeon (15/15)            Temple (0/1) D:4            Lair (5/5) D:8
 Shoals (4/4) Lair:3       Spider (4/4) Lair:2        Slime (5/5) Lair:4
    Orc (2/2) D:12            Elf (3/3) Orc:2        Vaults (4/5) D:13
  Crypt (3/3) Vaults:2       Tomb (0/3) Crypt:3      Depths (4/4) D:15
    Zot (5/5) Depths:4    Ossuary (visited)           IceCv (visited)
Desolation (visited)

Altars:
Dithmenos
Gozag
Hepliaklqana
Nemelex Xobeh
Sif Muna
Vehumet
Wu Jian
Yredelemnul
The Shining One
Jiyva

Shops:
D:4 (   D:6 *=[*   D:7 (   Orc:2 :!*[   Elf:1 *   Elf:2 **   Vaults:1 (*(=
Vaults:2 (   Vaults:3 (   Vaults:4 !   Depths:1 ![((

Portals:
Hell: Depths:2 Depths:3 Depths:4
Abyss: Depths:3 Depths:4
Pandemonium: Depths:1 Depths:2
Ziggurat: Depths:1

Annotations:
D:5 1 exclusion
D:15 3 runed translucent doors
Lair:3 exclusion: downstairs
Spider:4 exclusion: door
Slime:5 Royal Jelly
Orc:1 exclusion: 2 downstairs
Orc:2 Donald
Elf:1 2 transporters, exclusion: orange crystal statue
Elf:2 3 runed translucent doors
Elf:3 1 runed translucent door
Vaults:2 1 exclusion
Vaults:4 3 runed translucent doors, Fieg's ghost, veteran HuWn
Depths:1 1 transporter, exclusions: 2 daevas, 2 doors and 2 more exclusions
Zot:1 exclusions: 2 downstairs and 1 more exclusion
Zot:3 1 transporter
Zot:4 exclusion: orb of fire
Zot:5 1 transporter, 1 exclusion


Innate Abilities, Weirdness & Mutations

You are completely covered in rugged brown scales. (AC +3, +7% HP)
Armour fits poorly on your strangely shaped body.
You have a long armoured tail.
You roll when moving toward enemies. (Rampage)
Your long tongue fully drains potion bottles. (2x potion effects)
Your tongue gives you trouble enunciating. (1.5x scroll delay)
Your tail ends in a wickedly sharp and venomous barb.
You are partially covered in large bone plates. (SH +4)
You are agile. (Dex +4, Str/Int -1)
Your mind is acute. (Int +4, Str/Dex -1)
Your flesh is very cold resistant. (rC++)
You are frail. (-10% HP)
Your magical capacity is low. (-10% MP)
You are strong-willed. (Will+)
You are weak. (Str -2)
Your spells are a little harder to cast, but a little more powerful.
Your body has grown many eyes which may confuse attackers. (Acc +5)
Armour fits poorly on your massive pseudopods.
You are covered in slimy tendrils that may disarm your opponents.
You have a small jelly attached to you that senses nearby items.


Message History

An orange demon comes into view.
You shoot an arrow.
The arrow pierces through the orange demon!!
Lightning courses through the orange demon!
The orange demon is severely wounded.
You shoot an arrow.
The arrow pierces through the orange demon but does no damage.
Lightning courses through the orange demon!!
You kill the orange demon!
No target in view!
A tormentor comes into view.
You shoot an arrow.
The arrow pierces through the tormentor!!
Lightning courses through the tormentor!
The tormentor is almost dead.
You shoot an arrow.
The arrow pierces through the tormentor!
Lightning courses through the tormentor!
You kill the tormentor!
No target in view!
You hear a distant slurping noise.
You hear a distant slurping noise.
You hear a distant slurping noise.
You hear a squelching noise.
There is a stone staircase leading up here.
You climb upwards.
There is a stone staircase leading down here.
There is a stone staircase leading up here.
You climb upwards.
There is a stone staircase leading down here.
There is an empty arch of ancient stone here.
A Brimstone Fiend comes into view.
Blink to where?
Press: ? - help, Dir - move target As you slowly read the scroll of blinking {@r4}, it crumbles to dust.
Blink to where?
Press: ? - help, Dir - move target As you slowly read the scroll of blinking {@r4}, it crumbles to dust.
The Brimstone Fiend gestures at you.
The sphere of damnation explodes!
The damnation engulfs you!!!
You have escaped!

...................#.......# #..
...................#.....#.######..
##...J.....∩..♣....................
##.####..#......##.........######..
#..#####.###....############### ###
#>............#.# #...........#
####.####.#####.###.8.♣.8.♣.8.##
#..............##.§...........####
#...........####@.≈≈1≈≈≈≈≈≈≈≈.∩...
#...........#####.............###.
#..............###.8.♣.8.♣.8.####.
#....J......##.###...........##...
#...........##...##############...
##..........####....# #...
#..........# ####.# #...
##...#.#.### #.## #... #.#.#.#.#
##..##########.J.


You could see a Brimstone Fiend.

Vanquished Creatures
  5 dread liches (Zot:5)
  3 orbs of fire
  5 ancient liches
  Josephina (Depths:4)
  Frederick (Vaults:2)
  3 Killer Klowns
  The ghost of Guraer the Brawler, a veteran OgSh of Okawaru (Elf:2)
  Nikola (Vaults:1)
  11 golden dragons
  A bone dragon (Crypt:3)
  5 electric golems
  Arachne (Spider:2)
  A shard shrike zombie (Crypt:1)
  2 doom hounds (Zot:2)
  10 tentacled monstrosities
  Grunn (Zot:2)
  Jorgrun (Orc:2)
  Mlioglotl (Shoals:4)
  3 walking crystal tomes
  Rupert (Orc:2)
  27 Orb Guardians
  3 deep elf blademasters (Elf:3)
  4 quicksilver dragons
  5 liches
  2 deep elf master archers (Elf:3)
  3 titans
  6 sphinxes
  Polyphemus (Shoals:4)
  5 death cobs
  A shadow dragon (Depths:2)
  3 tengu reavers
  8 storm dragons
  Aizul (Spider:3)
  Ilsuiw (Shoals:2)
  4 draconian monks
  9 frost giants
  A demonspawn warmonger (D:9)
  2 revenants
  A draconian knight (Zot:2)
  4 draconian scorchers
  3 imperial myrmidons (Desolation)
  14 vault wardens
  4 fire giants
  4 deep elf sorcerers (Elf:3)
  2 emperor scorpions (Spider:4)
  2 draconian shifters
  9 ghost moths
  A deep elf elementalist (Elf:3)
  3 iron dragons
  3 draconian stormcallers
  2 curse skulls
  2 orc warlords (Orc:2)
  A reaper (Crypt:2)
  17 ironbound preservers
  13 stone giants
  2 grey draconians (Depths:4)
  15 very ugly things
  5 war gargoyles
  11 ironbound thunderhulks
  3 green draconians
  9 vampire knights
  A deep elf demonologist (Elf:1)
  Nessos (Orc:2)
  5 black draconians
  10 yellow draconians
  5 purple draconians
  2 halazid warlocks (Desolation)
  5 red draconians
  12 spark wasps
  8 deep elf annihilators
  4 demonspawn black suns
  7 white draconians
  A green death (Depths:1)
  4 dire elephants
  2 eidola (Crypt:2)
  2 blizzard demons
  3 deep elf death magi
  6 merfolk javelineers
  5 ettins
  7 ragged hierophants (Desolation)
  8 fire dragons
  4 crystal guardians
  4 yaktaur captains
  12 merfolk impalers
  5 entropy weavers
  A deep elf high priest (Elf:3)
  10 jiangshi
  12 peacekeepers
  A spriggan zombie (Crypt:3)
  6 rakshasas
  2 hydras
  4 servants of whispers (Desolation)
  10 vault guards
  3 radroaches
  A spriggan air mage (Depths:3)
  3 ice dragons
  2 jorogumos
  3 catoblepae
  15 centaur warriors
  A sphinx zombie (Vaults:2)
  9 ironbound frosthearts
  8 boulder beetles
  8 death yaks
  3 ogre magi
  A death knight (D:13)
  3 satyrs
  4 alligator snapping turtles
  17 dancing weapons
  A death scarab (Crypt:1)
  7 deep troll earth magi
  7 tengu warriors
  4 vampire magi
  2 demonic crawlers
  17 two-headed ogres
  9 merfolk aquamancers
  A hell hog (Depths:4)
  4 deep troll shamans
  2 orc high priests
  6 spriggan berserkers
  4 spriggans
  4 shock serpents (D:15)
  A storm dragon zombie (Crypt:2)
  3 soul eaters
  A titan skeleton (Crypt:2)
  9 hell knights
  15 deep elf knights
  4 skysharks
  25 skeletal warriors
  3 shadow wraiths (Crypt:2)
  A salamander mystic (Depths:4)
  8 iron trolls
  7 pharaoh ants
  11 sea snakes
  62 deep trolls
  A swamp dragon (Lair:5)
  A shadow demon (D:13)
  16 deep elf archers
  A kraken simulacrum (Shoals:4)
  11 orb spiders
  27 deep elf zephyrmancers
  An obsidian statue (Elf:2)
  8 harpies
  A lindwurm (Vaults:1)
  A bunyip skeleton (Crypt:3)
  7 arcanists
  An iron giant skeleton (Crypt:3)
  A sphinx simulacrum (Depths:4)
  11 necromancers
  2 orc knights (Orc:1)
  Pikel (D:7)
  5 phantasmal warriors
  2 steelbarb worms
  12 wolf spiders
  20 ironbound convokers
  3 orc sorcerers
  23 deep elf pyromancers
  37 ugly things
  5 salamanders (Depths:4)
  10 cyclopes
  A human zombie (Vaults:2)
  A faun (shapeshifter) (Depths:3)
  25 moths of wrath
  13 manticores
  15 fauns
  11 elephants
  A moth of wrath (shapeshifter) (Depths:2)
  An iron dragon skeleton (Crypt:3)
  2 guardian serpents (Desolation)
  8 torpor snails
  Maurice (D:12)
  2 smoke demons (Depths:4)
  6 black mambas
  6 merfolk sirens
  12 vault sentinels
  An ice statue (Shoals:1)
  An orange demon (D:3)
  A titan simulacrum (Depths:4)
  A pale draconian zombie (Crypt:2)
  5 water nymphs
  12 cane toads
  A yaktaur zombie (Vaults:2)
  Maggie (Lair:1)
  A molten gargoyle (Depths:4)
  3 unseen horrors
  2 gargoyles
  5 rime drakes
  6 komodo dragons
  An efreet (D:15)
  3 hellions
  2 black draconian skeletons (Crypt:1)
  2 tormentors
  An orb spider zombie (Crypt:1)
  A kobold demonologist (D:11)
  3 burning bushes (Lair:3)
  48 yaktaurs
  2 tengu conjurers (Depths:1)
  A guardian mummy (Zot:1)
  17 trolls
  3 tyrant leeches (Spider:3)
  9 meliai
  30 merfolk
  A polar bear (shapeshifter) (Elf:1)
  40 saltlings (Desolation)
  A queen bee (shapeshifter) (D:15)
  4 wind drakes
  A raiju (shapeshifter) (D:14)
  25 tarantellas
  10 hornets
  2 hellwings (D:15)
  13 polar bears
  25 blink frogs
  A harpy skeleton (Crypt:3)
  2 raiju
  An ettin zombie (Crypt:3)
  9 snapping turtles
  A moth of wrath zombie (Crypt:2)
  An iron dragon simulacrum (Depths:4)
  3 dream sheep (Shoals:3)
  2 fire dragon zombies (Crypt:3)
  A stone giant simulacrum (Vaults:2)
  6 air elementals
  A culicivora (shapeshifter) (D:14)
  35 flying skulls
  Sigmund (D:3)
  19 jumping spiders
  15 culicivoras
  21 water elementals
  5 wraiths
  A vampire (D:10)
  7 basilisks
  7 wyverns
  8 fire elementals
  16 yaks
  5 vampire mosquitoes
  6 steam dragons
  An elf skeleton (Vaults:2)
  A redback (shapeshifter) (Elf:3)
  51 redbacks
  A deep troll zombie (Crypt:1)
  A swamp worm (shapeshifter) (Depths:3)
  10 wargs
  9 water moccasins
  10 acid dragons
  17 hell hounds
  Duvessa (D:6)
  A two-headed ogre skeleton (Crypt:3)
  38 orc warriors
  18 black bears
  A sky beast (D:6)
  3 ice beasts
  22 ogres
  A boggart (D:14)
  26 wolves
  A lindwurm zombie (Crypt:1)
  13 centaurs
  2 phantoms
  A kobold brigand (D:9)
  Blork the orc (D:6)
  4 earth elementals
  A gnoll sergeant (D:9)
  7 bullfrogs
  A glowing shapeshifter simulacrum (Depths:4)
  7 necrophages
  8 scorpions
  A water moccasin zombie (Ossuary)
  3 wights (D:7)
  5 killer bees
  8 howler monkeys
  A centaur zombie (Ossuary)
  12 orc priests
  3 hounds
  A gnoll bouda (D:7)
  2 iguanas
  27 orc wizards
  3 scorpion zombies (Ossuary)
  A howler monkey skeleton (Crypt:2)
  7 gnolls
  12 adders
  An ufetubus (D:6)
  A lava snake zombie (Crypt:2)
  2 adder zombies (Ossuary)
  A worm (D:5)
  A dart slug (D:3)
  70 orcs
  A ball python (D:4)
  3 giant cockroaches
  5 goblins
  5 hobgoblins
  4 jackals (D:4)
  3 quokkas
  5 bats
  A frilled lizard (D:1)
  2 gnoll zombies (Ossuary)
  2 goblin zombies (Ossuary)
  4 hobgoblin zombies
  A jackal skeleton (Crypt:1)
  9 kobolds
  2 orc zombies (Ossuary)
  4 rats
1985 creatures vanquished.

Vanquished Creatures (collateral kills)
  An ancient lich (Zot:5)
  An orb of fire (Zot:2)
  A tentacled monstrosity (Zot:2)
  A red draconian (Zot:2)
  A moth of wrath (Zot:2)
  A white draconian skeleton (Crypt:2)
  An orc warrior (Orc:2)
  A centaur (Lair:3)
8 creatures vanquished.

Vanquished Creatures (others)
  2 death cobs
  A draconian knight (Zot:2)
  A vault warden (Vaults:3)
  2 formless jellyfish (Vaults:3)
  A draconian annihilator (Zot:2)
  An ironbound preserver (Vaults:3)
  A stone giant (Depths:3)
  A deep elf demonologist (Vaults:3)
  A black draconian (Zot:2)
  6 great orbs of eyes
  A deep elf high priest (Depths:1)
  An ogre mage (Depths:1)
  A spriggan air mage (Depths:1)
  3 ironbound frosthearts
  A centaur warrior (Vaults:1)
  An orb spider (Spider:2)
  2 glowing orange brains (Depths:3)
  A swamp dragon (shapeshifter) (Depths:3)
  A lindwurm (Vaults:3)
  A necromancer (Vaults:2)
  An ironbound convoker (Vaults:3)
  3 harpies (Shoals:2)
  2 deep elf zephyrmancers
  A smoke demon (Depths:1)
  A water nymph (Shoals:1)
  A rime drake (Vaults:3)
  A kobold demonologist (D:9)
  2 yaktaurs
  A merfolk (shapeshifter) (Vaults:3)
  2 merfolk
  A queen bee (shapeshifter) (Vaults:4)
  A troll (Orc:2)
  A jumping spider (Spider:2)
  A culicivora (Spider:2)
  17 slime creatures
  A wyvern (Depths:4)
  A steam dragon (Lair:5)
  4 redbacks
  A basilisk (Lair:1)
  A warg (Lair:5)
  2 wolves
  2 ogres (Orc:2)
  5 boggarts
  4 centaurs (D:14)
  A kobold brigand (D:7)
  3 bullfrogs
  A water moccasin zombie (Ossuary)
  Dowan (D:6)
  A killer bee (D:7)
  An electric eel (D:12)
  299 jellies
  2 centaur zombies (Ossuary)
  Crazy Yiuf (D:4)
  An orc priest (D:9)
  2 iguanas
  3 orc wizards
  3 lightning spires (Elf:3)
  5 adders
  A white imp (D:5)
  A worm (D:2)
  An endoplasm (D:4)
  9 orcs
  3 ball pythons
  A goblin (D:1)
  A hobgoblin (D:2)
  5 jackals (D:1)
  A quokka (D:5)
  A frilled lizard (D:3)
  A gnoll zombie (Ossuary)
  A hobgoblin zombie (Ossuary)
  2 kobolds
  2 orc zombies (Ossuary)
  3 rats
  2 starspawn tentacles (Shoals:4)
446 creatures vanquished.

Grand Total: 2439 creatures vanquished

Notes
Turn   | Place    | Note
-------+----------+-------------------------------------------
     0 | D:1      | Sergey the Armataur Ice Elementalist began the quest for
                  | the Orb.
     0 | D:1      | Reached XP level 1. HP: 14/14 MP: 3/3
   972 | D:1      | Reached XP level 2. HP: 19/23 MP: 2/4
  1054 | D:1      | Found a faded altar of an unknown god.
  1058 | D:1      | Prayed at the altar of an unknown god.
  1058 | D:1      | Became a worshipper of Jiyva Jasiesma the Shapeless
  1058 | D:1      | Reached * piety under Jiyva
  1240 | D:1      | Reached skill level 1 in Fighting
  2074 | D:1      | Found a viscous altar of Jiyva.
  2357 | D:2      | Reached ** piety under Jiyva
  2737 | D:2      | Reached *** piety under Jiyva
  2980 | D:2      | Reached XP level 3. HP: 29/29 MP: 3/6
  2984 | D:2      | Learned a level 3 spell: Frozen Ramparts
  3812 | D:3      | Gained mutation: You have a pair of small antennae on your
                  | head. [Jiyva's grace]
  3812 | D:3      | Gained mutation: You have a pair of antennae on your head.
                  | [Jiyva's grace]
  3812 | D:3      | Gained mutation: You have a pair of large antennae on your
                  | head. (SInv) [Jiyva's grace]
  3812 | D:3      | Gained mutation: Your flesh is cold resistant. (rC+)
                  | [Jiyva's grace]
  3828 | D:3      | Reached XP level 4. HP: 37/37 MP: 2/7
  4039 | D:3      | Noticed Sigmund
  4316 | D:4      | Reached skill level 5 in Ice Magic
  4329 | D:4      | Reached **** piety under Jiyva
  4339 | D:4      | Found a staircase to the Ecumenical Temple.
  4344 | D:4      | Noticed an ogre
  4482 | D:4      | Learned a level 3 spell: Ozocubu's Armour
  4700 | D:4      | Found a runed translucent door.
  4701 | D:4      | Noticed Crazy Yiuf
  4824 | D:4      | Reached XP level 5. HP: 42/42 MP: 6/8
  4934 | D:5      | Entered Level 5 of the Dungeon
  5032 | D:5      | Found a sand-covered staircase.
  5037 | Ossuary  | Entered an ossuary
  5454 | Ossuary  | Reached skill level 1 in Short Blades
  5475 | Ossuary  | Reached skill level 2 in Fighting
  5475 | Ossuary  | Reached XP level 6. HP: 51/51 MP: 5/9
  5567 | Ossuary  | Noticed a wraith
  5809 | D:5      | Found the +8 storm bow {elec, penet}
  5862 | D:5      | Reached skill level 3 in Fighting
  6021 | D:5      | Reached skill level 4 in Fighting
  6021 | D:5      | Reached XP level 7. HP: 57/63 MP: 10/10
  6026 | D:5      | Reached skill level 5 in Fighting
  7389 | D:4      | Found Qoajoamoc's Antique Weapon Shoppe.
  7679 | D:6      | Found Veut Kish's Jewellery Boutique.
  7695 | D:6      | Found Xofy's General Store.
  7714 | D:6      | Reached skill level 6 in Fighting
  7779 | D:6      | Reached XP level 8. HP: 74/74 MP: 10/12
  7809 | D:6      | Found Gyphyiw's Assorted Antiques.
  7816 | D:6      | Reached skill level 1 in Ranged Weapons
  7833 | D:6      | Bought a silvery potion for 25 gold pieces
  7833 | D:6      | Bought a scroll labelled PETHRU PYNOQI for 28 gold pieces
  7833 | D:6      | Bought a fuming brown potion for 25 gold pieces
  8173 | D:6      | Found Attiak's Antique Armour Shoppe.
  8176 | D:6      | Bought a pair of gloves for 81 gold pieces
  8284 | D:6      | Noticed Blork the orc
  8454 | D:7      | Noticed Pikel
  8496 | D:4      | Killed Crazy Yiuf
  8717 | D:3      | Killed Sigmund
  8718 | D:3      | Reached skill level 5 in Ranged Weapons
  8718 | D:3      | Reached XP level 9. HP: 80/80 MP: 13/13
  8729 | D:3      | Reached ***** piety under Jiyva
  8729 | D:3      | Gained mutation: You have a somewhat thin skeletal
                  | structure. (Dex +2, Stealth+) [Jiyva's grace]
  8729 | D:3      | Gained mutation: You have a moderately thin skeletal
                  | structure. (Dex +4, Stealth++) [Jiyva's grace]
  8729 | D:3      | Gained mutation: You have an unnaturally thin skeletal
                  | structure. (Dex +6, Stealth+++) [Jiyva's grace]
  8729 | D:3      | Gained mutation: Armour fits poorly on your pseudopods.
                  | [Jiyva's grace]
  9187 | D:6      | Killed Dowan
  9390 | D:7      | Found Duysirine's Antique Weapon Shop.
  9468 | D:7      | Found an ornate altar of the Wu Jian Council.
  9543 | D:7      | Killed Pikel
  9544 | D:7      | Reached skill level 7 in Fighting
  9764 | D:6      | Killed Blork the orc
  9789 | D:6      | Noticed Duvessa
  9797 | D:6      | Killed Duvessa
 10062 | D:8      | Reached XP level 10. HP: 94/94 MP: 9/14
 10086 | D:8      | Reached skill level 8 in Fighting
 10092 | D:8      | Found a staircase to the Lair.
 10497 | D:8      | Found a shadowy altar of Dithmenos.
 10499 | D:8      | Found a hazy altar of Hepliaklqana.
 11003 | D:9      | Lost mutation: You have an unnaturally thin skeletal
                  | structure. (Dex +6, Stealth+++) [Jiyva's grace]
 11003 | D:9      | Gained mutation: You are strong-willed. (Will+) [Jiyva's
                  | grace]
 11003 | D:9      | Gained mutation: You are highly strong-willed. (Will++)
                  | [Jiyva's grace]
 11003 | D:9      | Gained mutation: You are extremely strong-willed. (Will+++)
                  | [Jiyva's grace]
 11003 | D:9      | Gained mutation: Your rubbery body absorbs attacks. (AC +1,
                  | EV +1) [Jiyva's grace]
 11022 | D:9      | Found a sparkling altar of Nemelex Xobeh.
 11022 | D:9      | Found an opulent altar of Gozag.
 11355 | D:9      | Reached skill level 9 in Fighting
 11366 | D:9      | Noticed a two-headed ogre
 11382 | D:9      | Identified the ring "Hunaor" {rF+ Will- rCorr Str-3 Int+9}
 11391 | D:9      | Killed a two-headed ogre
 11779 | D:9      | Reached XP level 11. HP: 104/105 MP: 15/15
 11965 | D:10     | Entered Level 10 of the Dungeon
 12037 | D:10     | Reached skill level 10 in Fighting
 12083 | D:10     | Reached ****** piety under Jiyva
 12781 | D:11     | Noticed a boulder beetle
 12792 | D:11     | Killed a boulder beetle
 12793 | D:11     | Reached skill level 10 in Ranged Weapons
 12846 | D:11     | Reached skill level 1 in Armour
 13110 | Lair:1   | Entered Level 1 of the Lair of Beasts
 13206 | Lair:1   | Lost mutation: Your rubbery body absorbs attacks. (AC +1,
                  | EV +1) [Jiyva's grace]
 13206 | Lair:1   | Gained mutation: You are somewhat resistant to further
                  | mutation. [Jiyva's grace]
 13206 | Lair:1   | Gained mutation: You are somewhat resistant to both further
                  | mutation and mutation removal. [Jiyva's grace]
 13206 | Lair:1   | Gained mutation: You are almost entirely resistant to
                  | further mutation and mutation removal. [Jiyva's grace]
 13206 | Lair:1   | Gained mutation: You have large cloven feet. [Jiyva's
                  | grace]
 13252 | Lair:1   | Reached skill level 11 in Fighting
 13252 | Lair:1   | Reached skill level 5 in Armour
 13303 | Lair:1   | Reached XP level 12. HP: 117/117 MP: 16/16
 13503 | Lair:1   | Noticed Maggie
 13532 | Lair:1   | Killed Maggie
 13631 | Lair:1   | Reached skill level 12 in Fighting
 14002 | Lair:2   | Noticed a boulder beetle
 14013 | Lair:2   | Killed a boulder beetle
 14035 | Lair:2   | Found a hole to the Spider Nest.
 14275 | Lair:2   | Reached XP level 13. HP: 126/126 MP: 17/17
 14275 | Lair:2   | Reached XP level 14. HP: 134/134 MP: 18/18
 14928 | Lair:3   | Found a staircase to the Shoals.
 14945 | Lair:3   | Identified the +1 robe "Cisorreu" {Stlth+}
 15067 | Lair:3   | Lost mutation: You have large cloven feet. [Jiyva's grace]
 15067 | Lair:3   | Lost mutation: You are almost entirely resistant to further
                  | mutation and mutation removal. [Jiyva's grace]
 15067 | Lair:3   | Lost mutation: You are somewhat resistant to both further
                  | mutation and mutation removal. [Jiyva's grace]
 15067 | Lair:3   | Gained mutation: You are partially covered in large bone
                  | plates. (SH +4) [Jiyva's grace]
 15067 | Lair:3   | Gained mutation: You are mostly covered in large bone
                  | plates. (SH +6) [Jiyva's grace]
 15067 | Lair:3   | Gained mutation: You are completely covered in large bone
                  | plates. (SH +8) [Jiyva's grace]
 15067 | Lair:3   | Gained mutation: You possess an exceptional clarity of
                  | mind. [Jiyva's grace]
 15077 | Lair:3   | Reached skill level 1 in Evocations
 15748 | Lair:4   | Identified the +0 hat "Yriazu Hilu" {rElec Dex+3}
 15994 | Lair:4   | Identified the +6 dagger of the Thirsty Hosts {elec, Fly
                  | rN+++ Stlth-}
 16192 | Lair:4   | Reached skill level 13 in Fighting
 16229 | Lair:4   | Found a staircase to the Slime Pits.
 16243 | Lair:4   | Found a viscous altar of Jiyva.
 16532 | Lair:5   | Entered Level 5 of the Lair of Beasts
 16648 | Lair:5   | Reached XP level 15. HP: 144/144 MP: 19/19
 16683 | Lair:5   | Lost mutation: You are completely covered in large bone
                  | plates. (SH +8) [Jiyva's grace]
 16683 | Lair:5   | Lost mutation: You possess an exceptional clarity of mind.
                  | [Jiyva's grace]
 16683 | Lair:5   | Lost mutation: You are extremely strong-willed. (Will+++)
                  | [Jiyva's grace]
 16683 | Lair:5   | Lost mutation: Armour fits poorly on your pseudopods.
                  | [Jiyva's grace]
 16683 | Lair:5   | Gained mutation: Your muscles are strong. (Str +4, Int/Dex
                  | -1) [Jiyva's grace]
 16683 | Lair:5   | Gained mutation: Your muscles are very strong. (Str +8,
                  | Int/Dex -2) [Jiyva's grace]
 16683 | Lair:5   | Gained mutation: You expend magic power (3 MP) to
                  | strengthen your wands. [Jiyva's grace]
 16683 | Lair:5   | Gained mutation: You have acidic saliva. [Jiyva's grace]
 17332 | Lair:5   | Reached skill level 14 in Fighting
 18005 | D:12     | Noticed Azrael
 18157 | D:12     | Noticed Maurice
 18172 | D:12     | Killed Maurice
 18552 | D:12     | Found a staircase to the Orcish Mines.
 18635 | D:12     | Lost mutation: You have a moderately thin skeletal
                  | structure. (Dex +4, Stealth++) [Jiyva's grace]
 18635 | D:12     | Lost mutation: You are highly strong-willed. (Will++)
                  | [Jiyva's grace]
 18635 | D:12     | Lost mutation: You have acidic saliva. [Jiyva's grace]
 18635 | D:12     | Gained mutation: You are highly strong-willed. (Will++)
                  | [Jiyva's grace]
 18635 | D:12     | Gained mutation: You are extremely strong-willed. (Will+++)
                  | [Jiyva's grace]
 18635 | D:12     | Gained mutation: You have a moderately thin skeletal
                  | structure. (Dex +4, Stealth++) [Jiyva's grace]
 18635 | D:12     | Gained mutation: You have an unnaturally thin skeletal
                  | structure. (Dex +6, Stealth+++) [Jiyva's grace]
 19275 | D:13     | Found a gate to the Vaults.
 19488 | D:13     | Reached skill level 15 in Fighting
 19728 | D:13     | Found a glowing golden altar of the Shining One.
 19809 | D:11     | Azrael changed into Azrael the blizzard demon
 19809 | D:11     | Noticed Azrael
 19908 | D:6      | Bought the ring of the Zebra {rElec rPois rN+ AC+4 Str-2}
                  | for 542 gold pieces
 20011 | D:11     | Killed Azrael the blizzard demon
 20080 | Orc:1    | Entered Level 1 of the Orcish Mines
 20447 | Orc:2    | Entered Level 2 of the Orcish Mines
 20447 | Orc:2    | Noticed Rupert
 20495 | Orc:2    | Noticed Donald
 20654 | Orc:2    | Donald changed into Donald the formless jellyfish
 20654 | Orc:2    | Noticed Donald
 20844 | Orc:2    | Killed Rupert
 20865 | Orc:2    | Noticed Jorgrun
 21058 | Orc:2    | Reached XP level 16. HP: 160/160 MP: 20/20
 21092 | Orc:2    | Killed Jorgrun
 21169 | Orc:2    | Reached skill level 15 in Ranged Weapons
 21461 | Orc:1    | Reached skill level 16 in Fighting
 21791 | Orc:2    | Found Femant's Distillery.
 21792 | Orc:2    | Found Eboikhy's Antique Armour Shoppe.
 21818 | Orc:2    | Found Edutsoh's Book Boutique.
 21820 | Orc:2    | Bought 2 potions of heal wounds for 120 gold pieces
 21820 | Orc:2    | Bought a potion of cancellation for 96 gold pieces
 21820 | Orc:2    | Bought a potion of lignification for 36 gold pieces
 21827 | Orc:2    | Found Yshrulylea's Assorted Antiques.
 21836 | Orc:2    | Bought a potion of curing for 63 gold pieces
 21836 | Orc:2    | Bought a scroll of identify for 42 gold pieces
 21901 | Orc:2    | Noticed Nessos
 21905 | Orc:2    | Killed Nessos
 21963 | Orc:2    | Found a staircase to the Elven Halls.
 22870 | D:14     | Lost mutation: You have a pair of large antennae on your
                  | head. (SInv) [Jiyva's grace]
 22870 | D:14     | Lost mutation: You have an unnaturally thin skeletal
                  | structure. (Dex +6, Stealth+++) [Jiyva's grace]
 22870 | D:14     | Lost mutation: Your flesh is cold resistant. (rC+) [Jiyva's
                  | grace]
 22870 | D:14     | Lost mutation: You are extremely strong-willed. (Will+++)
                  | [Jiyva's grace]
 22870 | D:14     | Lost mutation: Your muscles are very strong. (Str +8,
                  | Int/Dex -2) [Jiyva's grace]
 22870 | D:14     | Lost mutation: You expend magic power (3 MP) to strengthen
                  | your wands. [Jiyva's grace]
 22870 | D:14     | Gained mutation: Your rubbery body absorbs attacks. (AC +1,
                  | EV +1) [Jiyva's grace]
 22870 | D:14     | Gained mutation: Your pliable body absorbs attacks. (AC +2,
                  | EV +2) [Jiyva's grace]
 22870 | D:14     | Gained mutation: Your gelatinous body deflects attacks. (AC
                  | +3, EV +3) [Jiyva's grace]
 22870 | D:14     | Gained mutation: You have supernaturally acute eyesight.
                  | (SInv) [Jiyva's grace]
 23029 | D:15     | Entered Level 15 of the Dungeon
 23317 | D:15     | Found a runed translucent door.
 23343 | D:15     | Found a runed translucent door.
 23350 | D:15     | Noticed a storm dragon
 23351 | D:15     | Found a runed translucent door.
 23351 | D:15     | Found the +5 Storm Queen's Shield {shock, Fly rElec}
 23500 | D:15     | Found a runed translucent door.
 23549 | D:15     | Found a staircase to the Depths.
 24272 | Shoals:1 | Entered Level 1 of the Shoals
 24526 | Shoals:1 | Reached XP level 17. HP: 171/171 MP: 21/21
 24530 | Shoals:1 | Reached skill level 17 in Fighting
 24653 | Shoals:1 | Found a frozen archway.
 24693 | IceCv    | Entered an ice cave
 24943 | Shoals:1 | Found a flickering gateway to a bazaar.
 24953 | Bazaar   | Entered a bazaar
 24969 | Bazaar   | Found Biasuxo's Antique Armour Shoppe.
 24970 | Bazaar   | Found Ykurediz's General Store.
 25013 | Bazaar   | Found Leav's Assorted Antiques.
 25013 | Bazaar   | Found Avotsaep's Antique Armour Emporium.
 25035 | Bazaar   | Bought a pair of runed gloves for 142 gold pieces
 25058 | Bazaar   | Bought a potion of heal wounds for 130 gold pieces
 25079 | Bazaar   | Bought a scroll of identify for 24 gold pieces
 25680 | Shoals:2 | Noticed Ilsuiw
 25709 | Shoals:2 | Killed Ilsuiw
 26058 | Shoals:3 | Lost mutation: You have a pair of antennae on your head.
                  | [Jiyva's grace]
 26058 | Shoals:3 | Lost mutation: You are mostly covered in large bone plates.
                  | (SH +6) [Jiyva's grace]
 26058 | Shoals:3 | Lost mutation: Your gelatinous body deflects attacks. (AC
                  | +3, EV +3) [Jiyva's grace]
 26058 | Shoals:3 | Gained mutation: You are somewhat resistant to both further
                  | mutation and mutation removal. [Jiyva's grace]
 26058 | Shoals:3 | Gained mutation: You are almost entirely resistant to
                  | further mutation and mutation removal. [Jiyva's grace]
 26058 | Shoals:3 | Gained mutation: You are agile. (Dex +4, Str/Int -1)
                  | [Jiyva's grace]
 26058 | Shoals:3 | Gained mutation: You are very agile. (Dex +8, Str/Int -2)
                  | [Jiyva's grace]
 26182 | Shoals:3 | Found a flickering gateway to a bazaar.
 26216 | Bazaar   | Entered a bazaar
 26216 | Bazaar   | Found Hopsok's Antique Armour Shop.
 26241 | Bazaar   | Found Fuudgh's Antique Weapon Shop.
 26261 | Bazaar   | Found Peari's Distillery.
 26269 | Bazaar   | Bought a potion of heal wounds for 40 gold pieces
 26727 | Shoals:4 | Entered Level 4 of the Shoals
 26749 | Shoals:4 | Reached skill level 18 in Fighting
 26774 | Shoals:4 | Identified the +2 rapier of Zobeg {spect, rN+ rCorr Int+2
                  | Dex-3}
 26994 | Shoals:4 | Noticed Mlioglotl
 27548 | Shoals:4 | Got a barnacled rune of Zot
 27607 | Shoals:4 | Noticed Polyphemus
 27615 | Shoals:4 | Killed Polyphemus
 27642 | Shoals:4 | Reached XP level 18. HP: 179/184 MP: 20/22
 27671 | Shoals:4 | Killed Mlioglotl
 27859 | Shoals:4 | Reached skill level 10 in Armour
 28166 | Desolati | Identified the of Abrot
 28166 | Desolati | Identified the "Dufezxi"
 28166 | Desolati | Identified the "Huvvo"
 28166 | Crypt:3  | Identified the "Raedilonn"
 28166 | Elf:1    | Identified the "Cycvupni"
 28166 | Elf:3    | Identified the of Ejoihis
 28166 | Elf:3    | Identified the "Kishry"
 28166 | Elf:3    | Identified the of Lyetitro
 28166 | Zot:2    | Identified the of Viommum
 28166 | Slime:1  | Entered Level 1 of the Pits of Slime
 28373 | Slime:5  | Identified the "Haiga"
 28373 | Slime:5  | Entered Level 5 of the Pits of Slime
 28793 | Slime:5  | Noticed the Royal Jelly
 28794 | Slime:5  | Found a viscous altar of Jiyva.
 28820 | Slime:5  | Identified the +2 short sword of Immorality {elec, Contam
                  | Dex+7}
 28822 | Slime:5  | Got a slimy rune of Zot
 28823 | Slime:5  | Identified the +2 dagger "Gaedauwn" {spect, Dex+3 Stlth+}
 28825 | Slime:5  | Identified the +1 war axe of Discomfort {flame, Fly Int+3
                  | SInv}
 28940 | Slime:5  | Identified the +11 battleaxe of Cink {freeze, rN+}
 28942 | Slime:5  | Identified the ring "Nikiol" {+Blink rC+++ Will- Dex+6
                  | SInv}
 28946 | Slime:5  | Identified the +1 scimitar "Myeteg" {chaos, Fly Will+}
 28948 | Slime:5  | Identified the +6 war axe of Blood-Lust {flame, rF++ Will++
                  | Str-3}
 29064 | Slime:5  | Identified the ring of Perure {Dex+3 SInv}
 29069 | Slime:5  | Identified the amulet of Zuesh {Acrobat rPois rF+ rN+}
 29083 | Slime:5  | Identified the talisman of death of the World {rElec rC-
                  | Will+ Str+4}
 29086 | Slime:5  | Identified the +1 quarterstaff "Fiofyg Meps" {chaos, Dex+3}
 29514 | Spider:1 | Entered Level 1 of the Spider Nest
 29821 | Spider:1 | Lost mutation: Your pliable body absorbs attacks. (AC +2,
                  | EV +2) [Jiyva's grace]
 29821 | Spider:1 | Gained mutation: You have a small jelly attached to you
                  | that may absorb projectiles. [Jiyva's grace]
 29821 | Spider:1 | Gained mutation: Your flesh is heat resistant. (rF+)
                  | [Jiyva's grace]
 29821 | Spider:1 | Gained mutation: Your flesh is very heat resistant. (rF++)
                  | [Jiyva's grace]
 29821 | Spider:1 | Gained mutation: Your flesh is almost immune to the effects
                  | of heat. (rF+++) [Jiyva's grace]
 30017 | Spider:1 | Identified the +5 broad axe of Zusal {vamp, Int+3}
 30508 | Spider:2 | Noticed Arachne
 30522 | Spider:2 | Killed Arachne
 30537 | Spider:2 | Reached skill level 5 in Evocations
 31435 | Spider:3 | Identified the serpent talisman of Zuexuog {rElec rF++
                  | Dex-5 Stlth+}
 31435 | Spider:3 | Noticed Aizul
 31447 | Spider:3 | Killed Aizul
 31782 | Spider:3 | Identified a scroll of acquirement
 31794 | Spider:3 | Reached skill level 19 in Fighting
 31960 | Spider:4 | Entered Level 4 of the Spider Nest
 32125 | Spider:4 | Lost mutation: You have a pair of small antennae on your
                  | head. [Jiyva's grace]
 32125 | Spider:4 | Lost mutation: You have a moderately thin skeletal
                  | structure. (Dex +4, Stealth++) [Jiyva's grace]
 32125 | Spider:4 | Lost mutation: You are very agile. (Dex +8, Str/Int -2)
                  | [Jiyva's grace]
 32125 | Spider:4 | Lost mutation: Your flesh is almost immune to the effects
                  | of heat. (rF+++) [Jiyva's grace]
 32125 | Spider:4 | Lost mutation: You are almost entirely resistant to further
                  | mutation and mutation removal. [Jiyva's grace]
 32125 | Spider:4 | Lost mutation: You have a small jelly attached to you that
                  | may absorb projectiles. [Jiyva's grace]
 32125 | Spider:4 | Gained mutation: You are mostly covered in large bone
                  | plates. (SH +6) [Jiyva's grace]
 32125 | Spider:4 | Gained mutation: You are completely covered in large bone
                  | plates. (SH +8) [Jiyva's grace]
 32125 | Spider:4 | Gained mutation: You have a small jelly attached to you
                  | that may absorb projectiles. [Jiyva's grace]
 32125 | Spider:4 | Gained mutation: Your pliable body absorbs attacks. (AC +2,
                  | EV +2) [Jiyva's grace]
 32250 | Spider:4 | Identified the amulet of Kipp {Acrobat Fly Int+4 Dex+4}
 33145 | Spider:4 | Reached XP level 19. HP: 188/196 MP: 23/23
 33888 | Spider:4 | Got a gossamer rune of Zot
 34285 | Elf:1    | Entered Level 1 of the Elven Halls
 34292 | Elf:1    | Found a transporter.
 34296 | Elf:1    | Found the ring of the Octopus King
 34308 | Elf:1    | Found a transporter.
 34308 | Elf:1    | Found the +3 pair of mountain boots {steadfast, rC+}
 34376 | Elf:1    | Reached skill level 20 in Fighting
 34831 | Elf:1    | Found Izuagaim's Overcharged Wands.
 35045 | Elf:2    | Found a runed translucent gate.
 35046 | Elf:2    | Found a runed translucent gate.
 35051 | Elf:2    | Found a runed translucent gate.
 35171 | Elf:2    | Found a shimmering blue altar of Sif Muna.
 35193 | Elf:2    | Paralysed by an air elemental for 1 turns
 35254 | Elf:2    | Found a runed translucent gate.
 35254 | Elf:2    | Found a runed translucent gate.
 35256 | Elf:2    | Found an opulent altar of Gozag.
 35256 | Elf:2    | Found a runed translucent gate.
 35262 | Elf:2    | Found Poebb's Assorted Antiques.
 35266 | Elf:2    | Found Taulotie's Assorted Antiques.
 35266 | Elf:2    | Noticed Guraer's ghost (veteran OgSh)
 35274 | Elf:2    | Gained mutation: Your body has grown eyes which may confuse
                  | attackers. (Acc +3) [Jiyva's grace]
 35274 | Elf:2    | Gained mutation: Your body has grown many eyes which may
                  | confuse attackers. (Acc +5) [Jiyva's grace]
 35274 | Elf:2    | Gained mutation: Your body is covered in eyes which may
                  | confuse attackers. (Acc +7, SInv) [Jiyva's grace]
 35274 | Elf:2    | Gained mutation: You have a small jelly attached to you
                  | that senses nearby items. [Jiyva's grace]
 35315 | Elf:2    | Killed Guraer's ghost
 35401 | Elf:2    | Bought a scroll of blinking for 187 gold pieces
 35700 | Elf:3    | Entered Level 3 of the Elven Halls
 35784 | Elf:3    | Found a runed translucent door.
 35932 | Elf:3    | Identified the serpent talisman "Yhipul" {rElec Int+2}
 35968 | Elf:3    | Paralysed by an air elemental for 1 turns
 36165 | Elf:3    | Reached skill level 10 in Evocations
 36558 | Elf:3    | Identified the ring of Hinoul {Will+ MP+9 Int+3 Dex+6}
 36674 | Elf:3    | Reached XP level 20. HP: 206/206 MP: 24/24
 36734 | Elf:3    | Identified the staff of Revolt {rPois rF+ Dex+2 Fire}
 36800 | Elf:3    | Found the +18 shield of the Gong {Loud rN+ Will+ rCorr
                  | EV-5}
 37081 | Elf:3    | Acquired the +2 hat of Winter {rElec rN+}
 37307 | Vaults:1 | Entered Level 1 of the Vaults
 37329 | Vaults:1 | You fall into a shaft and drop 1 floor!
 37517 | Vaults:2 | Noticed Frederick
 37527 | Vaults:2 | Killed Frederick
 37704 | Vaults:2 | Found Qef Noir's Weapon Shop.
 37741 | Vaults:2 | Found a crumbling gateway.
 37757 | Desolati | Entered the Desolation of Salt
 37757 | Desolati | Lost mutation: You are completely covered in large bone
                  | plates. (SH +8) [Jiyva's grace]
 37757 | Desolati | Lost mutation: You are mostly covered in large bone plates.
                  | (SH +6) [Jiyva's grace]
 37757 | Desolati | Lost mutation: You have supernaturally acute eyesight.
                  | (SInv) [Jiyva's grace]
 37757 | Desolati | Lost mutation: You are agile. (Dex +4, Str/Int -1) [Jiyva's
                  | grace]
 37757 | Desolati | Lost mutation: Your flesh is very heat resistant. (rF++)
                  | [Jiyva's grace]
 37757 | Desolati | Lost mutation: You are highly strong-willed. (Will++)
                  | [Jiyva's grace]
 37757 | Desolati | Lost mutation: You are somewhat resistant to both further
                  | mutation and mutation removal. [Jiyva's grace]
 37757 | Desolati | Gained mutation: You have acidic saliva. [Jiyva's grace]
 37757 | Desolati | Gained mutation: Your spells are a little harder to cast,
                  | but a little more powerful. [Jiyva's grace]
 37757 | Desolati | Gained mutation: Your spells are harder to cast, but more
                  | powerful. [Jiyva's grace]
 37757 | Desolati | Gained mutation: Your spells are much harder to cast, but
                  | much more powerful. [Jiyva's grace]
 38386 | Desolati | Identified the ring "Tehuisec" {rElec rF+ AC+4 SInv}
 38723 | Desolati | Reached skill level 5 in Dodging
 38785 | Desolati | Identified the +7 chain mail "Tuylof" {-Cast rElec Will+}
 39015 | Desolati | Identified the amulet of Ymaawias {Reflect rPois rN+ SH+5
                  | Stlth+}
 39022 | Desolati | Identified the +6 spear "Worm's Wrath" {drain, rElec rPois
                  | rN+ Str+3}
 39355 | Vaults:1 | Found Zigoer's Antique Weapon Shop.
 39492 | Vaults:1 | Noticed Nikola
 39513 | Vaults:1 | Found Viner's Antique Weapon Shop.
 39560 | Vaults:1 | Found Pebb's General Store.
 40110 | Vaults:1 | Lost mutation: Your flesh is heat resistant. (rF+) [Jiyva's
                  | grace]
 40110 | Vaults:1 | Lost mutation: You are somewhat resistant to further
                  | mutation. [Jiyva's grace]
 40110 | Vaults:1 | Gained mutation: You are highly strong-willed. (Will++)
                  | [Jiyva's grace]
 40110 | Vaults:1 | Gained mutation: You are extremely strong-willed. (Will+++)
                  | [Jiyva's grace]
 40110 | Vaults:1 | Gained mutation: You are mostly covered in large bone
                  | plates. (SH +6) [Jiyva's grace]
 40110 | Vaults:1 | Gained mutation: You are completely covered in large bone
                  | plates. (SH +8) [Jiyva's grace]
 40552 | D:6      | Bought a phial of floods for 1120 gold pieces
 40787 | Vaults:1 | Killed Nikola
 40807 | Vaults:1 | Found Riates's Jewellery Emporium.
 41105 | Vaults:2 | Reached XP level 21. HP: 216/216 MP: 25/25
 41182 | Vaults:2 | Found a staircase to the Crypt.
 41878 | Vaults:3 | Reached skill level 21 in Fighting
 42241 | Vaults:3 | Found Tetes's Weapon Shoppe.
 42622 | Vaults:4 | Lost mutation: You are extremely strong-willed. (Will+++)
                  | [Jiyva's grace]
 42622 | Vaults:4 | Lost mutation: Your spells are much harder to cast, but
                  | much more powerful. [Jiyva's grace]
 42622 | Vaults:4 | Lost mutation: You have acidic saliva. [Jiyva's grace]
 42622 | Vaults:4 | Lost mutation: Your body is covered in eyes which may
                  | confuse attackers. (Acc +7, SInv) [Jiyva's grace]
 42622 | Vaults:4 | Lost mutation: You have a small jelly attached to you that
                  | may absorb projectiles. [Jiyva's grace]
 42622 | Vaults:4 | Gained mutation: Your flesh is cold resistant. (rC+)
                  | [Jiyva's grace]
 42622 | Vaults:4 | Gained mutation: Your flesh is very cold resistant. (rC++)
                  | [Jiyva's grace]
 42622 | Vaults:4 | Gained mutation: Your flesh is almost immune to the effects
                  | of cold. (rC+++) [Jiyva's grace]
 42622 | Vaults:4 | Gained mutation: Your body is covered in eyes which may
                  | confuse attackers. (Acc +7, SInv) [Jiyva's grace]
 42958 | Vaults:4 | Found Qenuput's Distillery.
 43319 | Vaults:4 | Found a runed translucent gate.
 43319 | Vaults:4 | Found a runed translucent gate.
 43319 | Vaults:4 | Found a runed translucent gate.
 43319 | Vaults:4 | Noticed Fieg's ghost (veteran HuWn)
 43896 | D:15     | Reached skill level 22 in Fighting
 44344 | Depths:1 | Entered Level 1 of the Depths
 44421 | Depths:1 | Found Jyhitits's Antique Armour Shoppe.
 44424 | Depths:1 | Found Olusiat's Weapon Emporium.
 44424 | Depths:1 | Found Daoxt's Distillery.
 44432 | Depths:1 | Found Liucuw's Weapon Emporium.
 44445 | Depths:1 | Identified the -2 tower shield of Polish {Drain +Inv rElec
                  | rPois}
 44470 | Depths:1 | Reached XP level 22. HP: 230/230 MP: 26/26
 44508 | Depths:1 | Found a transporter.
 44509 | Depths:1 | Found a radiant altar of Vehumet.
 44591 | Depths:1 | Found a flickering gateway to a bazaar.
 44598 | Bazaar   | Entered a bazaar
 44598 | Bazaar   | Found Bivitiamo's Antique Weapon Emporium.
 44598 | Bazaar   | Found Rudgheaqu's Book Shoppe.
 44598 | Bazaar   | Found Anuf's Book Emporium.
 44600 | Bazaar   | Found Vuziume's Weapon Shoppe.
 44728 | Depths:1 | Lost mutation: You are completely covered in large bone
                  | plates. (SH +8) [Jiyva's grace]
 44728 | Depths:1 | Lost mutation: You have a somewhat thin skeletal structure.
                  | (Dex +2, Stealth+) [Jiyva's grace]
 44728 | Depths:1 | Lost mutation: Your flesh is almost immune to the effects
                  | of cold. (rC+++) [Jiyva's grace]
 44728 | Depths:1 | Lost mutation: Your spells are harder to cast, but more
                  | powerful. [Jiyva's grace]
 44728 | Depths:1 | Lost mutation: Your pliable body absorbs attacks. (AC +2,
                  | EV +2) [Jiyva's grace]
 44728 | Depths:1 | Gained mutation: You are agile. (Dex +4, Str/Int -1)
                  | [Jiyva's grace]
 44728 | Depths:1 | Gained mutation: You are very agile. (Dex +8, Str/Int -2)
                  | [Jiyva's grace]
 44728 | Depths:1 | Gained mutation: Your pliable body absorbs attacks. (AC +2,
                  | EV +2) [Jiyva's grace]
 44728 | Depths:1 | Gained mutation: Your gelatinous body deflects attacks. (AC
                  | +3, EV +3) [Jiyva's grace]
 44857 | Depths:1 | You fall into a shaft and drop 1 floor!
 45081 | Depths:1 | Found a one-way gateway to a ziggurat.
 45219 | Depths:1 | Found a one-way gate leading to the halls of Pandemonium.
 45238 | Depths:1 | Reached skill level 15 in Evocations
 45467 | Depths:2 | Found a gateway to Hell.
 45888 | Depths:3 | Identified the +5 dagger of Destiny {elec, Contam rF+
                  | Str+3}
 45942 | Depths:3 | Found a one-way gate to the infinite horrors of the Abyss.
 46023 | Depths:3 | Noticed a golden dragon
 46029 | Depths:3 | Killed a golden dragon
 46472 | Depths:3 | Noticed Parghit
 46493 | Depths:3 | Slimified Parghit
 46493 | Depths:3 | Parghit changed into Parghit the acid blob
 46493 | Depths:3 | Noticed Parghit
 46663 | Depths:3 | Reached skill level 23 in Fighting
 46695 | Depths:4 | Entered Level 4 of the Depths
 46721 | Depths:4 | Noticed a golden dragon
 46740 | Depths:4 | Killed a golden dragon
 46874 | Depths:4 | Noticed a golden dragon
 46892 | Depths:4 | Killed a golden dragon
 46910 | Depths:4 | Found a gate to the Realm of Zot.
 47093 | Depths:4 | Reached XP level 23. HP: 242/242 MP: 27/27
 47275 | Depths:4 | Lost mutation: Your flesh is very cold resistant. (rC++)
                  | [Jiyva's grace]
 47275 | Depths:4 | Lost mutation: Your flesh is cold resistant. (rC+) [Jiyva's
                  | grace]
 47275 | Depths:4 | Lost mutation: You are highly strong-willed. (Will++)
                  | [Jiyva's grace]
 47275 | Depths:4 | Lost mutation: Your body is covered in eyes which may
                  | confuse attackers. (Acc +7, SInv) [Jiyva's grace]
 47275 | Depths:4 | Lost mutation: Your gelatinous body deflects attacks. (AC
                  | +3, EV +3) [Jiyva's grace]
 47275 | Depths:4 | Lost mutation: Your pliable body absorbs attacks. (AC +2,
                  | EV +2) [Jiyva's grace]
 47275 | Depths:4 | Gained mutation: Your body is covered in eyes which may
                  | confuse attackers. (Acc +7, SInv) [Jiyva's grace]
 47275 | Depths:4 | Gained mutation: Your flesh is cold resistant. (rC+)
                  | [Jiyva's grace]
 47275 | Depths:4 | Gained mutation: Your flesh is very cold resistant. (rC++)
                  | [Jiyva's grace]
 47275 | Depths:4 | Gained mutation: Your flesh is almost immune to the effects
                  | of cold. (rC+++) [Jiyva's grace]
 47353 | Depths:4 | Identified the ring "Wapt" {Ice Str+4}
 47353 | Depths:4 | Noticed Josephina
 47365 | Depths:4 | Killed Josephina
 47366 | Depths:4 | Reached skill level 24 in Fighting
 48055 | Crypt:1  | Entered Level 1 of the Crypt
 48182 | Crypt:3  | Entered Level 3 of the Crypt
 48540 | Crypt:3  | Found a staircase to the Tomb.
 48552 | Crypt:3  | Identified the ring "Cocsa" {rElec rN+ Will+ MP+9}
 48552 | Crypt:3  | Identified the ring of Kuxouloa {rN+ Will+}
 48552 | Crypt:3  | Identified the ring of Heoh {rC+ rN+ Will+ Str+3 Dex+2}
 48690 | Crypt:3  | Noticed an ancient lich
 48699 | Crypt:3  | Killed an ancient lich
 48749 | Crypt:3  | Found a basalt altar of Yredelemnul.
 48888 | Crypt:3  | Identified the ring "Kuahaut" {Fly rC+ Will+ Stlth+}
 49313 | Orc:2    | Bought a manual of Dodging for 1040 gold pieces
 49818 | Crypt:1  | Found a basalt altar of Yredelemnul.
 50090 | Crypt:1  | Lost mutation: You are mostly covered in large bone plates.
                  | (SH +6) [Jiyva's grace]
 50090 | Crypt:1  | Lost mutation: Your rubbery body absorbs attacks. (AC +1,
                  | EV +1) [Jiyva's grace]
 50090 | Crypt:1  | Gained mutation: Armour fits poorly on your pseudopods.
                  | [Jiyva's grace]
 50090 | Crypt:1  | Gained mutation: Armour fits poorly on your large
                  | pseudopods. [Jiyva's grace]
 50090 | Crypt:1  | Gained mutation: Armour fits poorly on your massive
                  | pseudopods. [Jiyva's grace]
 50090 | Crypt:1  | Gained mutation: Your mind is acute. (Int +4, Str/Dex -1)
                  | [Jiyva's grace]
 50924 | Zot:1    | Entered Level 1 of the Realm of Zot
 51011 | Zot:1    | Reached skill level 10 in Dodging
 51055 | Zot:1    | Noticed a Killer Klown
 51075 | Zot:1    | Killed a Killer Klown
 51142 | Zot:1    | Identified the +4 leather armour of Zachayrr {*Slow rF+++}
 51174 | Zot:1    | Identified the +5 ring mail of Mirth {rN+ Int+4}
 51193 | Zot:1    | Reached XP level 24. HP: 250/254 MP: 27/27
 51250 | Zot:1    | Noticed an orb of fire
 52009 | Zot:2    | Noticed an orb of fire
 52060 | Zot:2    | Noticed Grunn
 52083 | Zot:2    | Killed Grunn
 52637 | Zot:2    | Killed an orb of fire
 52712 | Zot:2    | Noticed an orb of fire
 52718 | Zot:2    | Reached skill level 15 in Armour
 52719 | Zot:2    | Gained mutation: You are frail. (-10% HP) [an orb of fire]
 52723 | Zot:2    | Killed an orb of fire
 52801 | Zot:2    | Identified the +9 sling of Intense Valiance {flame, rElec}
 53121 | Zot:3    | Found a transporter.
 53210 | Zot:4    | Lost mutation: Your flesh is almost immune to the effects
                  | of cold. (rC+++) [Jiyva's grace]
 53210 | Zot:4    | Lost mutation: Your body is covered in eyes which may
                  | confuse attackers. (Acc +7, SInv) [Jiyva's grace]
 53210 | Zot:4    | Gained mutation: You are covered in slimy tendrils that may
                  | disarm your opponents. [Jiyva's grace]
 53210 | Zot:4    | Gained mutation: Your tail ends in a venomous barb.
                  | [Jiyva's grace]
 53210 | Zot:4    | Gained mutation: Your tail ends in a sharp venomous barb.
                  | [Jiyva's grace]
 53210 | Zot:4    | Gained mutation: Your tail ends in a wickedly sharp and
                  | venomous barb. [Jiyva's grace]
 53344 | Zot:4    | Noticed an orb of fire
 53571 | Zot:5    | Entered Level 5 of the Realm of Zot
 53646 | Zot:5    | Found a transporter.
 54023 | Zot:5    | Noticed a dread lich
 54030 | Zot:5    | Noticed an ancient lich
 54035 | Zot:5    | Noticed an ancient lich
 54036 | Zot:5    | Killed an ancient lich
 54044 | Zot:5    | Noticed a dread lich
 54055 | Zot:5    | Noticed an ancient lich
 54126 | Zot:5    | Noticed an ancient lich
 54139 | Zot:5    | Killed an ancient lich
 54198 | Zot:5    | Noticed an orb of fire
 54213 | Zot:5    | Lost mutation: Your muscles are strong. (Str +4, Int/Dex
                  | -1) [an orb of fire]
 54220 | Zot:5    | Gained mutation: You are weak. (Str -2) [an orb of fire]
 54223 | Zot:5    | Killed an orb of fire
 54300 | Zot:5    | Killed a dread lich
 54314 | Zot:5    | Reached XP level 25. HP: 220/239 MP: 27/27
 54363 | Zot:5    | Found the +4 skin of Zhor {*Englaciate rC+++ SInv}
 54387 | Zot:5    | Noticed an orb of fire
 54412 | Zot:5    | Noticed a Killer Klown
 54426 | Zot:5    | Noticed a dread lich
 54500 | Zot:5    | Noticed a dread lich
 54503 | Zot:5    | Noticed a Killer Klown
 54516 | Zot:5    | Gained mutation: Your magical capacity is low. (-10% MP) [a
                  | cacodemon]
 54602 | Zot:5    | Killed a Killer Klown
 54757 | Zot:5    | Killed a dread lich
 54840 | Zot:5    | Noticed an ancient lich
 54931 | Zot:5    | Killed a dread lich
 54974 | Zot:5    | Killed an ancient lich
 55049 | Zot:5    | Noticed a dread lich
 55058 | Zot:5    | Killed a dread lich
 55065 | Zot:5    | Killed an ancient lich
 55078 | Zot:5    | Lost mutation: You are very agile. (Dex +8, Str/Int -2) [an
                  | orb of fire]
 55080 | Zot:5    | Killed an orb of fire
 55084 | Zot:5    | Noticed a Killer Klown
 55094 | Zot:5    | Killed a Killer Klown
 55116 | Zot:5    | Killed an ancient lich
 55117 | Zot:5    | Reached skill level 25 in Fighting
 55250 | Zot:5    | Noticed a dread lich
 55258 | Zot:5    | Killed a dread lich
 55284 | Zot:5    | Got the Orb of Zot
 55446 | Zot:1    | Noticed Olewer the pandemonium lord
 55471 | Depths:4 | Noticed Hebleph the pandemonium lord
 55475 | Depths:4 | Noticed Naovi Bumne the pandemonium lord
 55751 | D:10     | Noticed Ogoa the pandemonium lord
 55956 | D:$      | Escaped with the Orb!

Illustrated notes

Levels and vault maps discovered:
D:1:      mainiacjoe_arrival_reflecting_pool, layout_basic,
          hellmonk_ecumenical_altar_arch_garden, minmay_heptomino_o4
D:2:      layout_basic
D:3:      layout_basic, saegor_snake_ambush, uniq_sigmund
D:4:      cheibrodos_pilgrimage, layout_gridville, minmay_temple_entry_wispy,
          serial_shops, shop, uniq_crazy_yiuf_cottage
D:5:      minmay_opposing_rooms, layout_basic, enter_ossuary_5
D:6:      layout_basic, serial_shops, shop, nicolae_shop_advertising_works
          [nicolae_subvault_shop_adworks], nicolae_shop_real_fake_doors,
          nicolae_shop_dealshenge, wad_rectangle_vault, uniq_duvessa,
          uniq_blork_the_orc
D:7:      layout_loops_cross, mainiacjoe_overflow_alcove_1, serial_shops, shop,
          serial_rivers, chequers_serial_rivers_micro_c,
          chequers_serial_rivers_micro_a, chequers_serial_rivers_micro_d,
          chequers_serial_rivers_room_b, uniq_pikel
D:8:      layout_loops_ring, riverfiend_overflow_shadow_ancestor,
          minmay_lair_entry_grove
D:9:      layout_loops_ring, grunt_temple_overflow_opulence,
          minmay_joined_circles
D:10:     layout_irregular_city
D:11:     layout_small_grid
D:12:     layout_roguey, david_orc_4, minmay_crystal_water, uniq_maurice,
          uniq_azrael
D:13:     layout_roguey, lightli_vaults_fourway_checkpoint, tso_altar
D:14:     layout_loops_ring, minmay_misc_feat_columns
D:15:     grunt_enter_depths_snipers, layout_rooms, dk_noncrumbling_3,
          minmay_misc_feat_plants, grunt_ministairs_1,
          nicolae_guarded_unrand_storm_shield
Lair:1:   layout_loops_ring, uniq_maggie
Lair:2:   layout_roguey, nicolae_spider_entry_lesser_pyramids
Lair:3:   layout_regular_city, minmay_shoals_entry_centaurs,
          roderic_carrion_pond, minivault_24, chequers_serial_rivers_micro_b,
          evilmike_ambush [evilmike_ambush_outer_basic,
          evilmike_ambush_inner_pond]
Lair:4:   layout_regular_city, nicolae_slime_entry_field_trip
Lair:5:   hangedman_lair_caniforms_friends, layout_loops_ring,
          guppyfry_lair_end_dragon, grunt_megastairs_2
Shoals:1: layout_shoals, portal_ice_cave_entry_ice_statue_one, serial_shops,
          bzr_entry_dummy
Shoals:2: layout_shoals, uniq_ilsuiw
Shoals:3: layout_shoals, serial_shops, bzr_entry_water
Shoals:4: shoals_end_grunt_ice, layout_shoals, shoal_ilsuiw, uniq_mlioglotl,
          uniq_polyphemus
Spider:1: layout_spider_delve, nicolae_spider_twisty_arc_passages
Spider:2: layout_cave_pods, uniq_arachne
Spider:3: layout_spider_delve, hangedman_spider_mandibles,
          hangedman_stitches_earthworm, uniq_aizul
Spider:4: spider_rune_water, nicolae_spider_not_touching_you
Slime:1:  layout_caves, cheibrodos_slime_lost_civilization_5
Slime:2:  layout_caves
Slime:3:  layout_caves
Slime:4:  layout_caves
Slime:5:  slime_pit_nicolae_trefoil
Orc:1:    layout_caves
Orc:2:    st_orc_open, layout_diamond_mine, elf_legates, uniq_rupert,
          uniq_donald, uniq_jorgrun, uniq_nessos
Elf:1:    gammafunk_sealed_arena, layout_loops_cross, minmay_elf_demonology,
          nicolae_shop_overcharged_wands
Elf:2:    elven_hall_of_blades_hangedman_original
          [nicolae_blade_entry_floor_patterns], layout_onion_city, basic_altar,
          ebering_ghost_gozag
Elf:3:    minmay_elf_hall, layout_gridlike, hangedman_aerie_drop
Vaults:1: v_misc_4, grunt_vaults_hallway_long, nicolae_vaults_mitosis,
          nicolae_vaults_variable_pillar_hall,
          nicolae_vaults_trapezoid_lopsided_3, v_misc_4,
          vaults_room_grunt_arrival_ludios, layout_vaults_quadrants,
          serial_shops, nicolae_shop_dealshenge, nicolae_shop_peninsula, shop,
          nicolae_shop_back_alley_shop, uniq_nikola
Vaults:2: portal_desolation_entry_nicolae_slug, hangedman_vaults_nodes,
          vaults_room_grid, vaults_dpeg_encased_lava,
          nicolae_vaults_layer_cake_slice, minmay_crypt_entry_simple_box,
          nicolae_vaults_little_squares_1, v_misc_30,
          nicolae_vaults_network_quinsquares
          [nicolae_vaults_network_quincunx_subvault,
          nicolae_vaults_network_quincunx_subvault,
          nicolae_vaults_network_quincunx_subvault,
          nicolae_vaults_network_quincunx_subvault], v_misc_16,
          ontoclasm_vaults_spin, layout_vaults_big_room, serial_shops,
          nicolae_shop_just_a_little_nook, uniq_frederick
Vaults:3: vaults_room_ringed_pool, vaults_room_octagon,
          nicolae_vaults_network_periphery, nicolae_vaults_mini_display_case,
          v_misc_22, st_octagons_2, ontoclasm_vaults_ligature,
          nicolae_vaults_tetromino_L_1, ontoclasm_vaults_ring_large, v_misc_15,
          nicolae_vaults_wrenched, hangedman_vaults_stretched_pinwheel,
          nicolae_vaults_layer_cake_slice, nicolae_vaults_diagonal_hallway_6,
          nicolae_vaults_more_shelving_1, nicolae_vaults_heart-shaped_vault,
          layout_vaults_omnibox, serial_shops, shop
Vaults:4: gammafunk_ghost_split, ontoclasm_vaults_twist, vaults_mumra_lcd,
          nicolae_vaults_triangles, vaults_standard_mumra_enter_the_diamond,
          v_rooms_5, nicolae_vaults_murderbox, grunt_vaults_hallway_short,
          nicolae_vaults_tangram_2, nicolae_vaults_house_3,
          layout_vaults_maze_snakey, serial_shops, shop
Crypt:1:  layout_gridlike, lemuel_statue_altar, st_stairs_7,
          hellmonk_scarab_ruin
Crypt:2:  layout_rooms
Crypt:3:  cryptofortress_bobbens
Depths:1: gammafunk_sealed_library, layout_basic, enter_ziggurat_c,
          serial_shops, bzr_entry_dummy, rand_demon_pan_entry_7, hell_entry,
          lemuel_nasty_fountain, minmay_shoptagon,
          infiniplex_staircase_pool_lava, serial_bayou_shore_b
Depths:2: minmay_chopped_fan, layout_cave_pools, hell_entry, pan_entry,
          chequers_serial_rivers_micro_e, minivault_16
Depths:3: kennysheep_water_balloons, layout_cave_pools, abyss_entry,
          grunt_decor_clamped, hell_entry, kennysheep_random_hallway,
          minmay_staircase_statues, uniq_parghit
Depths:4: evilmike_zot_entry_gauntlet, layout_basic, abyss_entry, hellmouth_1,
          minivault_16, uniq_josephina
Zot:1:    layout_twisted_circle, hangedman_player_shredder
Zot:2:    dreamdust_black_sun_cult, layout_misc_corridors,
          hellmonk_greenhouse_of_terror, uniq_grunn
Zot:3:    gammafunk_its_a_trap, layout_misc_corridors,
          regret_index_zotdec_obsidian_hm
Zot:4:    layout_gridville
Zot:5:    layout_twisted_circle, nicolae_diode_basic

Skill      XL: |  1  2  3  4  5  6  7  8  9 10 11 12 13 14 15 16 17 18 19 20 21 22 23 24 25 |
---------------+----------------------------------------------------------------------------+-----
Stealth        | 3 4 |  4.0
Fighting       | 1 2 4 6 7 9 11 12 13 15 16 18 19 20 22 23 24 25 | 25.3
Ice Magic      | 4 5 6 |  6.0
Spellcasting   | 2 3 |  3.0
Short Blades   | 1 |  1.0
Ranged Weapons | 5 7 8 10 12 13 14 16 18 19 20 21 22 | 22.0
Armour         | 6 8 9 12 14 16 18 | 18.0
Evocations     | 4 8 10 11 14 16 | 16.0
Dodging        | 6 11 13 | 13.0

Action                     |  1- 3 |  4- 6 |  7- 9 | 10-12 | 13-15 | 16-18 | 19-21 | 22-24 | 25-27 || total
---------------------------+-------+-------+-------+-------+-------+-------+-------+-------+-------++-------
  Melee: Dagger            |     3 |   194 |       |       |       |       |       |       |       ||   197
         Tailslap          |       |    35 |       |       |       |       |       |     1 |       ||    36
         Punch             |       |     2 |       |       |       |       |       |       |       ||     2
         Long sword        |       |       |       |       |       |       |       |     2 |       ||     2
         Longbow           |       |       |       |       |       |       |       |     3 |       ||     3
         Pseudopods        |       |       |       |       |       |       |       |     2 |       ||     2
   Fire: Longbow           |       |     2 |   163 |   336 |   761 |  1514 |  1555 |  1731 |   318 ||  6380
  Throw: Stone             |    13 |     8 |       |       |       |       |       |       |       ||    21
         Throwing net      |       |       |     1 |       |     1 |       |       |       |     1 ||     3
   Cast: Freeze            |    35 |    13 |     1 |       |       |       |       |       |       ||    49
         Frozen Ramparts   |     3 |    13 |    22 |    19 |    17 |     8 |       |       |       ||    82
         Ozocubu's Armour  |       |    13 |    12 |    15 |    18 |     5 |       |       |       ||    63
 Invoke: Oozemancy         |       |     1 |     1 |       |     2 |     6 |     1 |     5 |       ||    16
         Slimify           |       |       |       |       |       |       |       |     1 |       ||     1
  Evoke: Wand              |       |       |       |       |    13 |     7 |     4 |    10 |     4 ||    38
         Phial of floods   |       |       |       |       |       |       |     1 |     2 |       ||     3
         Condenser vane    |       |       |       |       |       |       |     1 |     1 |     1 ||     3
    Use: Potion            |       |     2 |       |     3 |     3 |     5 |       |     3 |     1 ||    17
         Scroll            |       |       |       |     5 |    20 |    15 |     5 |     4 |     7 ||    56
   Stab: Sleeping          |     2 |     3 |       |       |       |       |       |       |       ||     5
 Armour: Robe              |    34 |       |       |       |       |       |       |       |       ||    34
         Leather armour    |       |   120 |    63 |   132 |   268 |   541 |   453 |   619 |   101 ||  2297
         Steam dragon scal |       |       |       |     5 |       |       |       |       |       ||     5
  Dodge: Dodged            |    21 |    63 |    34 |    60 |    84 |   209 |   201 |   428 |    74 ||  1174
  Block: Other             |       |       |       |     1 |   174 |   201 |   118 |   104 |    17 ||   615
         Reflection        |       |       |       |       |    14 |    34 |       |       |       ||    48

Table legend: (Time is in decaauts)
 A = Elapsed time spent in this place.
 B = Non-inter-level travel time spent in this place.
 C = Inter-level travel time spent in this place.
 D = Time resting spent in this place.
 E = Time spent auto-exploring this place.
 F = Levels seen in this place.
 G = Mean time per level.
                   A        B        C        D        E       F      G
               +--------+--------+--------+--------+--------+-----+--------+
         Total |  55114 |  47947 |   7167 |   5145 |  29848 |  60 |  918.6 |
       Dungeon |  18377 |  15055 |   3322 |   1603 |   9318 |  15 | 1225.1 |
          Lair |   5570 |   4731 |    839 |     86 |   3529 |   5 | 1114.0 |
        Shoals |   3251 |   2995 |    256 |    327 |   1691 |   4 |  812.8 |
   Spider Nest |   4428 |   4209 |    219 |    308 |   3119 |   4 | 1107.0 |
    Slime Pits |   1237 |   1035 |    202 |      0 |    921 |   5 |  247.4 |
  Orcish Mines |   2471 |   1845 |    626 |    653 |    709 |   2 | 1235.5 |
   Elven Halls |   2797 |   2666 |    131 |    396 |   1535 |   3 |  932.3 |
        Vaults |   4893 |   4134 |    759 |      0 |   3085 |   4 | 1223.2 |
         Crypt |   1972 |   1725 |    247 |     35 |   1100 |   3 |  657.3 |
        Depths |   3913 |   3525 |    388 |    333 |   2330 |   4 |  978.2 |
           Zot |   3983 |   3809 |    174 |    607 |   2075 |   5 |  796.6 |
        Bazaar |    223 |    223 |      0 |      0 |    138 |   3 |   74.3 |
       Ossuary |    579 |    579 |      0 |     86 |      0 |   1 |  579.0 |
      Ice Cave |    139 |    139 |      0 |    100 |      0 |   1 |  139.0 |
    Desolation |   1275 |   1275 |      0 |    608 |    298 |   1 | 1275.0 |
               +--------+--------+--------+--------+--------+-----+--------+

Top non-repeatable levels by time:
     D:1: 2446 daAuts
Spider:4: 1943 daAuts
     D:5: 1821 daAuts
     D:9: 1677 daAuts
   Zot:5: 1607 daAuts
   Orc:2: 1584 daAuts
Depths:4: 1494 daAuts
Vaults:2: 1435 daAuts
     D:4: 1431 daAuts
   Elf:3: 1378 daAuts
Vaults:1: 1316 daAuts
    D:13: 1279 daAuts
Desolation: 1275 daAuts
  Lair:3: 1273 daAuts
    D:15: 1262 daAuts
